 Dungeon Crawl Stone Soup version 0.31-a0-968-g24f9ace8b5 (webtiles) character file.

Game seed: 6122749481212860491

212048 Xavori the Fencer (level 19, -10/139 HPs)
             Began as a Djinni Chaos Knight on Oct 27, 2023.
             Was a Plaything of Xom.
             Mangled by a jumping spider (18 damage)
             ... on level 4 of the Spider Nest on Oct 28, 2023.
             The game lasted 01:10:57 (42960 turns).

Xavori the Fencer (Djinni Chaos Knight)            Turns: 42960, Time: 01:10:58

Health: -10/139    AC: 27    Str:  8 (10) XL:     19   Next: 63%
Gold:   3402       EV: 23    Int:  8 (13) God:    Xom [..*...] SH: 21 Dex: 36 (39)

rFire   + + +        e - +3 scimitar (flame)
rCold   + + .        C - +0 kite shield {rC+}
rNeg    . . .        b - +5 ring mail of Past Mistakes {Drain Dex+6 Stlth+}
rPois   ∞            R - +2 hat
rElec   +            x - +2 cloak of Vocsarghuth {Stlth+}
rCorr   .            S - +2 pair of gloves
SInv    +            (boots unavailable)
Will    +....        N - amulet of Qazlal's Outrage {RegenMP rElec rC++ Dex+2}
Stlth   ++++         s - +6 ring of dexterity
HPRegen 0.43/turn    Q - ring of see invisible
MPRegen 0.00/turn

%: infuse magic (-11 HP)
@: flying
A: sickness immunity, fire resistance 3, cold vulnerability 1, float, innate
caster, HP casting, extra vitality 1, antennae 1, iridescent scales 2, large
bone plates 2, agile 1, deterioration 1, mutation resistance 1, shaggy fur 1,
electricity resistance
}: 1/15 runes: decaying
a: Renounce Religion


You were on level 4 of the Spider Nest.
You worshipped Xom.
You were a toy of Xom.
You visited 5 branches of the dungeon, and saw 30 of its levels.
You also visited: Bailey and Ice Cave.

You collected 4593 gold pieces.
You spent 1191 gold pieces at shops.

Inventory:

Hand Weapons
 e - a +3 scimitar of flaming (weapon)
Missiles
 E - 10 throwing nets
Armour
 b - the +5 ring mail of Past Mistakes (worn) {Drain Dex+6 Stlth+}
   (You bought it in a shop on level 2 of the Dungeon)

   Dex+6:     It affects your dexterity (+6).
   Drain:     It drains your maximum health when unequipped.
   Stlth+:    It makes you more stealthy.
 r - a +2 tower shield
 x - the +2 cloak of Vocsarghuth (worn) {Stlth+}
   (You acquired it on level 5 of the Dungeon)

   Stlth+:    It makes you more stealthy.
 C - a +0 kite shield of cold resistance (worn)
 R - a +2 hat (worn)
 S - a +2 pair of gloves (worn)
Jewellery
 s - a +6 ring of dexterity (left hand)
 v - a +4 ring of protection
 y - a ring of positive energy
 D - the ring of Leloss {Str+6 Int+6}
   (You found it on level 4 of the Dungeon)

   [ring of strength]

   Str+6:     It affects your strength (+6).
   Int+6:     It affects your intelligence (+6).
 H - an amulet of reflection
 L - a ring of ice
 N - the amulet of Qazlal's Outrage (around neck) {RegenMP rElec rC++ Dex+2}
   (You found it on level 12 of the Dungeon)

   [amulet of magic regeneration]

   RegenMP:   It increases your rate of magic regeneration.
   Dex+2:     It affects your dexterity (+2).
   rC++:      It greatly protects you from cold.
   rElec:     It insulates you from electricity.
 Q - a ring of see invisible (right hand)
 W - a +5 ring of evasion
 X - a +4 ring of protection
Wands
 a - a wand of polymorph (21)
 g - a wand of digging (8)
 t - a wand of mindburst (30)
 P - a wand of iceblast (13)
 T - a wand of paralysis (14)
 Z - a wand of flame (44)
Scrolls
 c - 3 scrolls of butterflies
 d - a scroll of brand weapon
 f - 18 scrolls of teleportation
 h - 5 scrolls of enchant weapon
 i - a scroll of blinking
 k - 4 scrolls of enchant armour
 l - 6 scrolls of revelation
 n - 2 scrolls of fear
 p - 7 scrolls of immolation
 w - a scroll of identify
 G - a scroll of silence
 I - 5 scrolls of fog
 J - 2 scrolls of torment
 Y - 2 scrolls of poison
Potions
 j - 6 potions of curing
 o - 3 potions of brilliance
 q - 6 potions of might
 u - 3 potions of enlightenment
 z - 4 potions of haste
 A - 3 potions of invisibility
 B - 8 potions of mutation
 F - a potion of berserk rage
 K - 5 potions of lignification
 M - 2 potions of resistance
 U - 4 potions of attraction
 V - 3 potions of heal wounds
Miscellaneous
 m - a lightning rod (4/4)
 O - a phantom mirror


   Skills:
 + Level 13.6 Fighting
 + Level 16.4 Long Blades
 + Level 13.3 Armour
 + Level 14.6 Dodging
 + Level 6.7 Shields
 * Level 12.7 Spellcasting
 * Level 12.7 Conjurations
 * Level 12.7 Hexes
   Level 0.0 Charms
 * Level 12.7 Summonings
 * Level 12.7 Necromancy
 * Level 12.7 Translocations
 * Level 12.7 Transmutations
 * Level 12.7 Fire Magic
 * Level 12.7 Ice Magic
 * Level 12.7 Air Magic
 * Level 12.7 Earth Magic
 * Level 12.7 Poison Magic
 * Level 3.6 Shapeshifting


You knew the following spells:

 Your Spells              Type           Power      Damage    Failure   Level
a - Slow                  Hex            100%       N/A       1%          1
b - Call Imp              Summ           50%        N/A       1%          2
c - Tukima's Dance        Hex            25%        N/A       1%          3
d - Ozocubu's Armour      Ice            25%        N/A       1%          3
e - Petrify               Tmut/Erth      25%        N/A       6%          4
f - Freezing Cloud        Conj/Ice/Air   12%        6-21      17%         5
g - Eringya's Noxious Bo  Tmut/Pois      12%        4d6       67%         6
h - Summon Hydra          Summ           12%        N/A       99%         7
i - Haunt                 Necr/Summ      12%        N/A       99%         7
Your spell library was empty.

Dungeon Overview and Level Annotations

Branches:
Dungeon (15/15)            Temple (0/1) D:5            Lair (5/5) D:11
  Swamp (4/4) Lair:2       Spider (4/4) Lair:2        Slime (0/5) Lair:4
    Orc (2/2) D:10            Elf (0/3) Orc:2        Vaults (0/5) D:13
 Depths (0/4) D:15         Bailey (visited)           IceCv (visited)

Altars:
Fedhas
Makhleb
Nemelex Xobeh
Okawaru
Uskayaw
Wu Jian
Xom
Yredelemnul
Jiyva
Lugonu

Shops:
D:2 *[:*:   D:8 :?   D:11 [   Orc:2 *[(:(

Portals:
Abyss: Lair:5

Annotations:
Lair:3 Gastronok
Orc:2 3 runed translucent doors, IdlyInterested's ghost, journeyman DsGl


Innate Abilities, Weirdness & Mutations

You are immune to sickness and miasma.
You are immune to poison.
Your flesh is almost immune to the effects of heat. (rF+++)
You are vulnerable to cold. (rC-)
You float through the air rather than walking.
You learn spells naturally, not from books.
Your magical power is your life essence.
You have superior vitality. (+4 MHP)
You have a pair of small antennae on your head.
You are mostly covered in iridescent scales. (AC +4)
You are mostly covered in large bone plates. (SH +6)
You are agile. (Dex +4, Str/Int -1)
Your body sometimes deteriorates upon taking damage.
You are somewhat resistant to further mutation.
You are covered in fur. (AC +1)
You are resistant to electric shocks. (rElec)


Message History

The moth of wrath is heavily wounded.
The moth of wrath goads the jumping spider on!
The jumping spider goes berserk!
You block the jumping spider's attack. x2
The moth of wrath bites you.
* * * LOW HITPOINT WARNING * * *
You hit the moth of wrath. You burn the moth of wrath.
The moth of wrath is severely wounded.
The jumping spider misses you. You block the jumping spider's attack.
The jumping spider completely misses you.
You block the jumping spider's attack. The moth of wrath closely misses you.
You barely miss the moth of wrath.
The moth of wrath is severely wounded.
You block the jumping spider's attack. The jumping spider misses you.
The jumping spider closely misses you. The jumping spider misses you.
You block the moth of wrath's attack.
You slash the moth of wrath! You burn the moth of wrath.
The moth of wrath is almost dead.
You block the jumping spider's attack. x3; The jumping spider bites you.
* * * LOW HITPOINT WARNING * * *
You block the moth of wrath's attack.
You slash the moth of wrath! You burn the moth of wrath.
You kill the moth of wrath!
You block the jumping spider's attack. The jumping spider closely misses you.
The jumping spider completely misses you.
The jumping spider bites you but does no damage.
You block the pharaoh ant's attack.
You slash the jumping spider! You burn the jumping spider.
The jumping spider is moderately wounded.
You block the jumping spider's attack. x2; The jumping spider pounces on you.
* * * LOW HITPOINT WARNING * * *
You block the jumping spider's attack. The pharaoh ant completely misses you.
Blink to where?
Press: ? - help, Dir - move target
As you read the scroll of blinking, it crumbles to dust.
The jumping spider rages.
You block the jumping spider's attack. The jumping spider misses you.
There is a stone staircase leading up here.
The jumping spider pounces on you!!
You die...
Xom chuckles heartily!

# ##......^# ##
##^.#.#.# ## #^
#.....#.####.#
####
....#.##...#^^# #
#...
.#...#.#^#.#..#
^## ......... #
###....#^....##..
^###...#.
#...#.....##.#
##.##.
#......##.s..##...
## #.
####.#^#..@....^.#
## #########...###
.#.# # #


You could see a jumping spider (berserk).

Vanquished Creatures
  Saint Roka (Orc:2)
  Nikola (Swamp:4)
  Jorgrun (D:14)
  Mlioglotl (Swamp:2)
  Frances (Spider:1)
  4 thorn hunters (Swamp:4)
  Donald (Swamp:1)
  3 frost giants (IceCv)
  2 ghouls (Swamp:2)
  Louise (Swamp:2)
  A ghost moth (Spider:3)
  2 hydra skeletons (Swamp:4)
  2 vampire knights (Swamp:4)
  Nessos (D:14)
  3 bunyips
  2 eleionomae (Swamp:2)
  A white draconian (IceCv)
  A spark wasp (Spider:3)
  Azrael (Orc:2)
  Snorg (D:14)
  A fire dragon (Spider:3)
  5 entropy weavers
  A shambling mangrove (Swamp:4)
  6 ice dragons (IceCv)
  Harold (D:9)
  A rakshasa (D:15)
  8 vault guards (D:13)
  3 catoblepae
  14 hydras
  7 ironbound frosthearts (IceCv)
  A jorogumo (Spider:3)
  8 alligators
  An anaconda (Lair:5)
  Erica (D:10)
  4 boulder beetles
  6 ghost crabs
  3 radroaches
  2 two-headed ogres
  A death knight (D:14)
  2 tengu warriors
  4 death yaks (Lair:5)
  5 demonic crawlers
  2 orc high priests
  2 spriggan berserkers
  3 thrashing horrors (Lair:5)
  A skyshark (Lair:4)
  4 fire crabs (Lair:4)
  A sun moth (Spider:2)
  A fire crab (shapeshifter) (D:10)
  4 pharaoh ants
  2 goliath frogs
  5 spriggan druids
  3 bog bodies
  A death drake (Swamp:2)
  Pikel (D:9)
  2 spectral hydras (Swamp:4)
  8 orb spiders
  3 swamp dragons
  3 phantasmal warriors (D:14)
  3 deep elf pyromancers
  7 steelbarb worms
  3 orc knights
  2 necromancers
  A deep elf zephyrmancer (D:15)
  14 wolf spiders
  4 will-o-the-wisps
  5 orc sorcerers
  11 ugly things
  8 manticores
  4 oklob plants
  2 moths of wrath
  A centaur zombie (D:15)
  5 cyclopes
  The ghost of PowderKeg the Covert, a novice FeSh of Wu Jian (D:12)
  5 black mambas
  13 elephants
  An eye of devastation (Lair:1)
  An apocalypse crab (Lair:4)
  A black mamba (shapeshifter) (D:5)
  9 torpor snails
  3 gargoyles
  8 komodo dragons
  A rime drake (shapeshifter) (Lair:5)
  10 cane toads
  3 centaur skeletons (D:15)
  An unseen horror (D:12)
  17 rime drakes
  2 tengu conjurers
  2 efreet (D:15)
  2 freezing wraiths (Swamp:4)
  6 trolls
  2 death drake zombies (Swamp:4)
  9 tyrant leeches
  8 hornets
  2 hydra zombies (Swamp:4)
  4 meliai
  6 polar bears (IceCv)
  A blink frog (shapeshifter) (D:15)
  19 tarantellas
  19 blink frogs
  A large abomination (Lair:5)
  3 raiju
  25 jumping spiders
  A centaur simulacrum (D:14)
  9 spriggans
  2 ynoxinuls (Lair:5)
  18 culicivoras
  6 slime creatures
  2 wraiths (D:12)
  45 yaks
  A shadow (D:13)
  4 fire elementals (Orc:2)
  4 vampires
  4 wyverns
  3 chaos spawn (Lair:5)
  3 steam dragons
  7 basilisks
  Grum (D:8)
  19 vampire mosquitoes
  3 wargs
  37 redbacks
  13 swamp worms
  An acid dragon (D:11)
  16 water moccasins
  14 small abominations (Lair:5)
  2 hell hounds (Orc:2)
  4 hydra simulacra (Swamp:4)
  6 swamp drakes (Swamp:4)
  3 black bears
  23 orc warriors
  5 sky beasts
  2 ice beasts
  7 ogres
  3 boggarts (D:15)
  21 wolves
  A lemure (D:9)
  3 centaurs
  2 swamp dragon skeletons (Swamp:4)
  A phantom (D:5)
  4 kobold brigands
  6 bullfrogs
  2 scorpions
  A gnoll sergeant (D:8)
  12 wights
  A necrophage (Swamp:2)
  18 killer bees
  3 wolf zombies (Bailey)
  7 vampire bats (Bailey)
  5 howler monkeys
  5 electric eels
  2 jellies (Lair:4)
  5 hounds
  14 orc priests
  4 gnoll boudas
  Jessica (D:2)
  An iguana (D:7)
  4 sleepcaps
  23 orc wizards
  A yak simulacrum (Lair:4)
  A boggart skeleton (D:15)
  4 adders
  21 gnolls
  2 shadow imps
  2 white imps
  2 ufetubi (D:5)
  6 worms
  3 dart slugs
  81 orcs
  9 ball pythons
  9 endoplasms
  4 giant cockroaches
  8 hobgoblins
  2 jackals (D:3)
  3 quokkas
  8 bats
  4 frilled lizards
  7 goblins
  26 kobolds
  20 orc zombies (Bailey)
  3 rats
  A river rat simulacrum (Lair:4)
1058 creatures vanquished.

Vanquished Creatures (collateral kills)
  A shambling mangrove (Swamp:3)
  A hydra (Swamp:1)
  An alligator (Swamp:4)
  A tengu warrior (D:15)
  A pharaoh ant (Spider:1)
  2 orb spiders (Spider:1)
  An orc sorcerer (Orc:2)
  An elephant (Lair:4)
  A cane toad (Lair:2)
  A komodo dragon (shapeshifter) (Lair:1)
  2 hornets (Swamp:3)
  A death drake zombie (Swamp:4)
  A jumping spider (Spider:1)
  2 redbacks (Spider:1)
  2 swamp drakes (Swamp:4)
  A swamp dragon zombie (Swamp:4)
  A swamp dragon skeleton (Swamp:4)
  An adder (D:3)
  A bat (D:3)
  A kobold (D:3)
24 creatures vanquished.

Vanquished Creatures (others)
  A hydra (Swamp:2)
  A dancing weapon (Swamp:4)
  A goliath frog (Swamp:2)
  An orb spider (Spider:4)
  An elephant (Lair:4)
  A rime drake (IceCv)
  Psyche (D:8)
  2 bloated husks
  A death drake zombie (Swamp:4)
  A tarantella (Spider:2)
  A culicivora (Spider:3)
  A swamp worm (Swamp:4)
  An orc warrior (Orc:2)
  A kobold brigand (D:7)
  An orc priest (Orc:2)
  A hound (D:11)
  2 orc wizards (Orc:2)
  5 orcs (Orc:2)
  A kobold (D:8)
  17 foxfires
42 creatures vanquished.

Grand Total: 1124 creatures vanquished

Notes
Turn   | Place    | Note
-------+----------+-------------------------------------------
     0 | D:1      | Xavori the Djinni Chaos Knight began the quest for the Orb.
     0 | D:1      | Reached XP level 1. HP: 20/20 MP: 0/0
   185 | D:1      | Reached XP level 2. HP: 22/25 MP: 0/0
   324 | D:1      | Reached XP level 3. HP: 30/30 MP: 0/0
   324 | D:1      | Learned a level 1 spell: Slow
  1169 | D:1      | XOM: silly message
  1276 | D:1      | XOM: divination: magic mapping
  3449 | D:1      | XOM: scenery: create altars
  3484 | D:1      | XOM is BORED!
  4491 | D:1      | XOM: give mutations
  4491 | D:1      | Gained mutation: You are robust. (+10% HP) [Xom's grace]
  4491 | D:1      | Gained mutation: You have a beak for a mouth. [Xom's grace]
  4491 | D:1      | Gained mutation: You are partially covered in iridescent
                  | scales. (AC +2) [Xom's grace]
  4513 | D:2      | XOM: butterfly on damage
  4624 | D:2      | Noticed Jessica
  4638 | D:2      | Killed Jessica
  4639 | D:2      | Reached skill level 3 in Long Blades
  4639 | D:2      | Reached skill level 1 in Spellcasting
  4639 | D:2      | Reached skill level 1 in Conjurations
  4639 | D:2      | Reached skill level 1 in Hexes
  4639 | D:2      | Reached skill level 1 in Summonings
  4639 | D:2      | Reached skill level 1 in Necromancy
  4639 | D:2      | Reached skill level 1 in Translocations
  4639 | D:2      | Reached skill level 1 in Transmutations
  4639 | D:2      | Reached skill level 1 in Fire Magic
  4639 | D:2      | Reached skill level 1 in Ice Magic
  4639 | D:2      | Reached skill level 1 in Air Magic
  4639 | D:2      | Reached skill level 1 in Earth Magic
  4639 | D:2      | Reached skill level 1 in Poison Magic
  4639 | D:2      | Reached XP level 4. HP: 32/38 MP: 0/0
  4712 | D:2      | Found Casaniru's Antique Armour Emporium.
  4855 | D:2      | Found Vuenov's Assorted Antiques.
  4920 | D:2      | Found Reefeg's Book Shop.
  4957 | D:2      | Found Ygor's Book Shop.
  4957 | D:2      | Found Amemooxt's General Store.
  4957 | D:2      | XOM: 4-stop teleportation journey
  4974 | D:2      | XOM: noise
  4993 | D:2      | Bought a scroll of fear for 56 gold pieces
  5179 | D:2      | Identified a scroll of acquirement
  5179 | D:2      | Identified the "Hubuacvy" (You acquired it on level 2 of
                  | the Dungeon)
  5179 | D:2      | Acquired 884 gold pieces
  5236 | D:2      | Bought a smoking leather armour for 161 gold pieces
  5236 | D:2      | Identified the +3 leather armour of Mivecyxo {rF+ rCorr
                  | Str-5 Int+4} (You bought it in a shop on level 2 of the
                  | Dungeon)
  5247 | D:2      | Bought a scorched scale mail for 207 gold pieces
  5247 | D:2      | Identified the +1 scale mail of the Hecatoncheires {Rampage
                  | rPois} (You bought it in a shop on level 2 of the Dungeon)
  5248 | D:2      | Bought a bloodstained ring mail for 207 gold pieces
  5248 | D:2      | Identified the +5 ring mail of Past Mistakes {Drain Dex+6
                  | Stlth+} (You bought it in a shop on level 2 of the Dungeon)
  5313 | D:2      | Found a faded altar of an unknown god.
  5672 | D:2      | XOM: noise
  5697 | D:3      | Reached XP level 5. HP: 44/44 MP: 0/0
  5697 | D:3      | Learned a level 2 spell: Call Imp
  6037 | D:3      | Reached XP level 6. HP: 50/50 MP: 0/0
  6048 | D:3      | XOM: give mutations
  6048 | D:3      | Lost mutation: You are partially covered in iridescent
                  | scales. (AC +2) [Xom's mischief]
  6048 | D:3      | Gained mutation: Your body sometimes deteriorates upon
                  | taking damage. [Xom's mischief]
  6144 | D:3      | XOM: silly message
  6218 | D:3      | XOM: noise
  6219 | D:3      | Acquired a +0 pair of gloves of infusion
  6310 | D:4      | XOM: noise
  6490 | D:4      | XOM: divination: magic mapping
  6503 | D:4      | Reached skill level 4 in Long Blades
  6674 | D:4      | Found a sparkling altar of Nemelex Xobeh.
  6720 | D:4      | Identified the ring of Leloss {Str+6 Int+6}
  6810 | D:4      | XOM: potion effect (might)
  6811 | D:4      | XOM: confusion (+ monsters)
  6813 | D:4      | Reached XP level 7. HP: 55/56 MP: 0/0
  6813 | D:4      | Learned a level 3 spell: Tukima's Dance
  6994 | D:5      | Entered Level 5 of the Dungeon
  7186 | D:5      | XOM: summons friendly crimson imp
  7398 | D:5      | Found a staircase to the Ecumenical Temple.
  7438 | D:5      | Reached XP level 8. HP: 43/63 MP: 0/0
  7595 | D:5      | XOM: scenery: create altars
  7631 | D:5      | XOM: scenery: 1 doors close
  7641 | D:5      | XOM: 2-stop teleportation journey
  7886 | D:5      | an ice beast changed into a shapeshifter
  7886 | D:5      | Noticed a shapeshifter (shapeshifter)
  7886 | D:5      | a shapeshifter changed into a black mamba
  7886 | D:5      | Noticed a black mamba (shapeshifter)
  7892 | D:5      | Killed a black mamba
  7893 | D:5      | Reached skill level 5 in Long Blades
  7963 | D:5      | Identified the +3 shortbow of Naep Vunk {freeze, +Blink
                  | Str+5 Int-4}
  8267 | D:5      | XOM: god gift: amulet of reflection
  8312 | D:5      | Acquired the +2 cloak of Vocsarghuth {Stlth+}
  8398 | D:6      | Reached skill level 5 in Fighting
  8398 | D:6      | Reached XP level 9. HP: 65/71 MP: 0/0
  8398 | D:6      | Learned a level 3 spell: Ozocubu's Armour
  8455 | D:6      | XOM: divination: detect items
  8469 | D:6      | XOM: chaos upgrade
  8480 | D:6      | XOM: cleaving
  8492 | D:6      | Reached skill level 5 in Dodging
  8641 | D:6      | Reached skill level 6 in Long Blades
  8704 | D:6      | XOM: 3-stop teleportation journey
  8726 | D:6      | XOM: cast spell 'Disjunction'
  9177 | D:6      | XOM: give mutations
  9177 | D:6      | Lost mutation: You have a beak for a mouth. [Xom's
                  | mischief]
  9177 | D:6      | Gained mutation: You are clumsy. (Dex -2) [Xom's mischief]
  9177 | D:6      | Gained mutation: You are somewhat resistant to further
                  | mutation. [Xom's mischief]
  9266 | D:7      | Found an ornate altar of the Wu Jian Council.
  9344 | D:7      | XOM: repel stairs
  9653 | D:7      | XOM: silly message
  9674 | D:7      | Reached skill level 7 in Long Blades
  9674 | D:7      | Reached skill level 5 in Armour
  9674 | D:7      | Reached XP level 10. HP: 54/79 MP: 0/0
  9678 | D:7      | Found a flagged portal.
  9716 | Bailey   | Entered a bailey
  9810 | Bailey   | XOM: silly message
  9871 | Bailey   | Noticed a gargoyle
  9886 | Bailey   | Killed a gargoyle
  9949 | Bailey   | XOM: silly message
 10004 | Bailey   | Reached skill level 5 in Spellcasting
 10004 | Bailey   | Reached skill level 5 in Conjurations
 10004 | Bailey   | Reached skill level 5 in Hexes
 10004 | Bailey   | Reached skill level 5 in Summonings
 10004 | Bailey   | Reached skill level 5 in Necromancy
 10004 | Bailey   | Reached skill level 5 in Translocations
 10004 | Bailey   | Reached skill level 5 in Transmutations
 10004 | Bailey   | Reached skill level 5 in Fire Magic
 10004 | Bailey   | Reached skill level 5 in Ice Magic
 10004 | Bailey   | Reached skill level 5 in Air Magic
 10004 | Bailey   | Reached skill level 5 in Earth Magic
 10004 | Bailey   | Reached skill level 5 in Poison Magic
 10006 | Bailey   | Identified the +1 kite shield of Huicitenk {rPois Dex-5
                  | Slay+2 SInv}
 10529 | D:7      | XOM: give mutations
 10529 | D:7      | Gained mutation: You occasionally shout uncontrollably at
                  | your foes. [Xom's mischief]
 10529 | D:7      | Lost mutation: You are somewhat resistant to further
                  | mutation. [Xom's mischief]
 10529 | D:7      | Gained mutation: You have hidden genetic potential. [Xom's
                  | mischief]
 10529 | D:7      | Gained mutation: Potions are less effective at restoring
                  | your health. [Xom's mischief]
 10529 | D:7      | Gained mutation: You sometimes lose your temper in combat.
                  | [Xom's mischief]
 10587 | D:7      | XOM: cast spell 'Cause Fear'
 10658 | D:7      | XOM: confusion (+ monsters)
 10820 | D:3      | XOM: give mutations
 10820 | D:3      | Gained mutation: You have great hidden genetic potential.
                  | [Xom's grace]
 10820 | D:3      | Gained mutation: You expend health (3 HP) to strengthen
                  | your wands. [Xom's grace]
 10907 | D:8      | Noticed Grum
 10925 | D:8      | Killed Grum
 10931 | D:8      | Reached skill level 8 in Long Blades
 10938 | D:8      | Lost mutation: You are robust. (+10% HP) [potion of
                  | mutation]
 10938 | D:8      | Lost mutation: You expend health (3 HP) to strengthen your
                  | wands. [potion of mutation]
 10938 | D:8      | Gained mutation: You are robust. (+10% HP) [potion of
                  | mutation]
 10939 | D:8      | Lost mutation: You sometimes lose your temper in combat.
                  | [potion of mutation]
 10939 | D:8      | Lost mutation: Potions are less effective at restoring your
                  | health. [potion of mutation]
 10939 | D:8      | Gained mutation: You are weak. (Str -2) [potion of
                  | mutation]
 10939 | D:8      | Lost mutation: Your body sometimes deteriorates upon taking
                  | damage. [potion of mutation]
 11109 | D:8      | XOM: snakes to sticks
 11121 | D:8      | Found Miusomag's Vocational Training.
 11145 | D:8      | Noticed a manticore
 11155 | D:8      | XOM: divination: detect creatures
 11161 | D:8      | Killed a manticore
 11337 | D:8      | XOM: 1-stop teleportation journey
 11343 | D:8      | XOM: fake destruction
 11344 | D:8      | XOM: cast spell 'Cause Fear'
 11364 | D:8      | XOM: enchant monster (good)
 11544 | D:8      | Reached XP level 11. HP: 82/85 MP: 0/0
 11544 | D:8      | Learned a level 4 spell: Petrify
 11837 | D:8      | Noticed Maggie
 11838 | D:8      | Noticed Psyche
 11869 | D:8      | XOM: give mutation
 11869 | D:8      | Lost mutation: You are weak. (Str -2) [Xom's grace]
 11893 | D:8      | Killed Psyche
 11898 | D:8      | Maggie changed into Maggie the sky beast
 11898 | D:8      | Noticed Maggie
 11909 | D:8      | Killed Maggie the sky beast
 12167 | D:8      | Found Kuez's Magic Scroll Emporium.
 12170 | D:8      | Bought a scroll of blinking for 105 gold pieces
 12170 | D:8      | Bought a scroll of identify for 28 gold pieces
 12170 | D:8      | Bought a scroll of blinking for 105 gold pieces
 12170 | D:8      | Bought a scroll of teleportation for 42 gold pieces
 12170 | D:8      | Bought a scroll of identify for 28 gold pieces
 12238 | D:8      | XOM: divination: detect items
 12394 | D:9      | Identified the of Teyliop
 12400 | D:9      | Noticed Harold
 12415 | D:9      | XOM: enchant monster (good)
 12418 | D:9      | Killed Harold
 12546 | D:9      | XOM: cleaving
 12613 | D:8      | XOM: summons 4 hostile demons
 12703 | D:9      | XOM: cast spell 'Cause Fear'
 12726 | D:9      | XOM: silly message
 12735 | D:9      | XOM: potion effect (attraction)
 12751 | D:8      | XOM: potion effect (invisibility)
 13040 | D:9      | XOM: divination: detect items
 13081 | D:9      | XOM: silly message
 13199 | D:9      | Noticed Pikel
 13206 | D:9      | Killed Pikel
 13207 | D:9      | Reached skill level 9 in Long Blades
 13417 | D:9      | Found a burning altar of Makhleb.
 13427 | D:9      | Found a hide-covered altar of Uskayaw.
 13634 | D:10     | Entered Level 10 of the Dungeon
 13643 | D:10     | XOM: divination: magic mapping
 13745 | D:10     | XOM: silly message
 13847 | D:10     | Noticed a fire crab
 13857 | D:10     | Killed a fire crab
 13957 | D:10     | Found a shimmering altar of Xom.
 14235 | D:10     | XOM: divination: detect items
 14269 | D:10     | Found a staircase to the Orcish Mines.
 14563 | D:10     | Noticed Erica
 14576 | D:10     | Killed Erica
 14906 | D:11     | Reached XP level 12. HP: 43/94 MP: 0/0
 15509 | D:11     | Gained mutation: You have a pair of small horns on your
                  | head. [hidden potential]
 15550 | D:11     | XOM: god gift: scale mail {god gift}
 15563 | D:11     | Found a staircase to the Lair.
 15684 | D:11     | Found Cyului's Armour Shop.
 15759 | D:11     | XOM: cast spell 'Metabolic Englaciation'
 15783 | D:11     | XOM: silly message
 15788 | D:11     | XOM: summons friendly white imp
 16039 | D:11     | XOM: destruction
 16040 | D:11     | XOM: enchant monster (good)
 16059 | D:11     | Reached skill level 10 in Long Blades
 16433 | D:11     | XOM: enchant monster (bad)
 16628 | D:11     | XOM: give mutations
 16628 | D:11     | Lost mutation: You have great hidden genetic potential.
                  | [Xom's mischief]
 16628 | D:11     | Lost mutation: You are clumsy. (Dex -2) [Xom's mischief]
 16628 | D:11     | Lost mutation: You occasionally shout uncontrollably at
                  | your foes. [Xom's mischief]
 16628 | D:11     | Gained mutation: You are partially covered in large bone
                  | plates. (SH +4) [Xom's mischief]
 16763 | Lair:1   | Entered Level 1 of the Lair of Beasts
 16927 | Lair:1   | XOM: swap monsters
 16950 | Lair:1   | XOM: stat loss: -1 Int (13/14)
 16963 | Lair:1   | XOM: summons 3 hostile shadow creatures
 16978 | Lair:1   | XOM: polymorph elephant -> eye of devastation
 17028 | Lair:1   | XOM: torment (13/95 hp)
 17068 | Lair:1   | XOM: cloud trail
 17172 | Lair:1   | XOM: scenery: create altars
 17236 | Lair:1   | XOM: divination: detect items
 17340 | Lair:1   | XOM: polymorph cane toad -> shapeshifter
 17340 | Lair:1   | a shapeshifter changed into a fire crab
 17340 | Lair:1   | Noticed a fire crab (shapeshifter)
 17344 | Lair:1   | XOM: 3-stop teleportation journey
 17351 | Lair:1   | XOM: confuse monster(s)
 17353 | Lair:1   | You are sucked into a shaft and drop 1 floor!
 17453 | Lair:1   | XOM: enchant monster (good)
 17554 | Lair:1   | XOM: enchant monster (bad)
 17764 | Lair:1   | XOM: scenery: summon butterflies
 17782 | Lair:1   | Noticed a death drake
 17782 | Lair:1   | XOM: summons friendly shadow imp
 17784 | Lair:1   | a death drake changed into a cyclops
 17793 | Lair:1   | XOM: enchant monster (good)
 17834 | Lair:1   | XOM: confuse monster(s)
 17856 | Lair:1   | XOM: fog
 17927 | Lair:1   | XOM: divination: magic mapping
 17984 | Lair:1   | XOM: give mutations
 17984 | Lair:1   | Gained mutation: You are mostly covered in large bone
                  | plates. (SH +6) [Xom's grace]
 17984 | Lair:1   | Gained mutation: You expend health (3 HP) to strengthen
                  | your wands. [Xom's grace]
 18136 | Lair:2   | Found a hole to the Spider Nest.
 18318 | Lair:2   | XOM: fake destruction
 18319 | Lair:2   | XOM: confuse monster(s)
 18320 | Lair:2   | Reached XP level 13. HP: 101/102 MP: 0/0
 18320 | Lair:2   | Learned a level 5 spell: Freezing Cloud
 18455 | Lair:2   | XOM: cast spell 'Summon Cactus Giant'
 18455 | Lair:2   | XOM: smoke on damage
 18469 | Lair:2   | Reached skill level 11 in Long Blades
 18471 | Lair:2   | Gained mutation: You are partially covered in iridescent
                  | scales. (AC +2) [hidden potential]
 18471 | Lair:2   | Lost mutation: You have hidden genetic potential. [hidden
                  | potential expressed]
 18590 | Lair:2   | Found a staircase to the Swamp.
 18644 | Lair:2   | XOM: noise
 18647 | Lair:2   | Noticed a five-headed hydra
 18677 | Lair:1   | Killed a one-headed hydra
 18794 | Lair:2   | XOM: polymorph elephant -> manticore
 18801 | Lair:2   | Acquired 858 gold pieces
 18858 | Lair:2   | XOM: silly message
 19038 | Lair:2   | XOM: cloud trail
 19167 | Lair:2   | XOM: god gift: scroll of amnesia
 19299 | Lair:2   | XOM: god gift: sapphire ring {god gift}
 19333 | Lair:3   | Noticed a six-headed hydra
 19342 | Lair:3   | Killed a two-headed hydra
 19403 | Lair:3   | XOM: confuse monster(s)
 19404 | Lair:3   | XOM: noise
 19462 | Lair:3   | XOM: polymorph polar bear -> yak
 19537 | Lair:3   | XOM: 4-stop teleportation journey
 19612 | Lair:3   | Noticed Gastronok
 19620 | Lair:3   | Gastronok changed into Gastronok the titan
 19620 | Lair:3   | Noticed Gastronok
 19620 | Lair:3   | XOM: polymorph Gastronok -> Gastronok the titan
 19723 | Lair:2   | XOM: give mutations
 19723 | Lair:2   | Gained mutation: You have hidden genetic defects. [Xom's
                  | mischief]
 19723 | Lair:2   | Lost mutation: You are robust. (+10% HP) [Xom's mischief]
 19844 | Lair:3   | XOM: noise
 19906 | Lair:3   | Found a sparkling altar of Nemelex Xobeh.
 19962 | Lair:3   | XOM: smoke on damage
 20025 | Lair:3   | Identified the +2 leather armour "Ydeaczer" {+Inv rPois
                  | Int-2 Dex+5}
 20046 | Lair:3   | XOM: silly message
 20239 | Lair:4   | XOM: summons 5 friendly demons
 20375 | Lair:4   | Reached skill level 10 in Dodging
 20500 | Lair:4   | XOM: polymorph komodo dragon -> manticore
 20582 | Lair:4   | Found a viscous altar of Jiyva.
 20582 | Lair:4   | Found a staircase to the Slime Pits.
 20665 | Lair:4   | Found a runed translucent door.
 20670 | Lair:4   | XOM: potion effect (berserk rage)
 20681 | Lair:4   | XOM: fog
 20753 | Lair:4   | Noticed a six-headed hydra
 20762 | Lair:4   | Killed a two-headed hydra
 20808 | Lair:4   | Reached XP level 14. HP: 101/101 MP: 0/0
 20833 | Lair:4   | XOM: scenery: create altars
 20838 | Lair:4   | XOM: polymorph yak -> basilisk
 20853 | Lair:4   | XOM: fog
 20857 | Lair:4   | Reached skill level 12 in Long Blades
 21153 | Lair:4   | XOM: give mutations
 21153 | Lair:4   | Gained mutation: You have a somewhat thin skeletal
                  | structure. (Dex +2, Stealth+) [Xom's grace]
 21153 | Lair:4   | Gained mutation: Your muscles are strong. (Str +4, Int/Dex
                  | -1) [Xom's grace]
 21155 | Lair:4   | XOM: confuse monster(s)
 21167 | Lair:4   | XOM: fog
 21184 | Lair:4   | XOM: destruction
 21190 | Lair:4   | XOM: divination: magic mapping
 21198 | Lair:4   | Gained mutation: Your spells are a little easier to cast,
                  | but a little less powerful. [hidden defects]
 21199 | Lair:4   | XOM: 4-stop teleportation journey
 21287 | Lair:4   | XOM: cast spell 'Summon Horrible Things'
 21626 | Lair:4   | XOM: cast spell 'Leda's Liquefaction'
 21633 | Lair:4   | XOM: enchant monster (good)
 21857 | Lair:4   | XOM: smoke on damage
 22106 | Lair:4   | Reached skill level 10 in Fighting
 22141 | Lair:4   | XOM: potion effect (haste)
 22176 | Lair:4   | Gained mutation: You do not regenerate when monsters are
                  | visible. [hidden defects]
 22176 | Lair:4   | Lost mutation: You have hidden genetic defects. [hidden
                  | defects expressed]
 22500 | Lair:4   | XOM: divination: detect items
 22576 | Lair:4   | XOM: silly message
 22659 | Lair:4   | XOM: confuse monster(s)
 22703 | Lair:4   | XOM: silly message
 22839 | Lair:5   | Entered Level 5 of the Lair of Beasts
 23118 | Lair:5   | XOM: potion effect (might)
 23120 | Lair:5   | XOM: silly message
 23130 | Lair:5   | XOM: divination: detect creatures
 23132 | Lair:5   | XOM: potion effect (curing)
 23149 | Lair:5   | XOM: silly message
 23153 | Lair:5   | XOM: summons friendly white imp
 23157 | Lair:5   | XOM: summons 7 friendly demons
 23321 | Lair:5   | XOM: enchant monster (good)
 23412 | Lair:5   | XOM: potion effect (haste)
 23418 | Lair:5   | XOM: potion effect (curing)
 23514 | Lair:5   | XOM: potion effect (curing)
 23522 | Lair:5   | Reached skill level 13 in Long Blades
 23522 | Lair:5   | Reached skill level 10 in Armour
 23527 | Lair:5   | XOM: summons 4 hostile shadow creatures
 23593 | Lair:4   | XOM: stat loss: -1 Dex (24/25)
 23996 | Lair:4   | XOM: give mutations
 23996 | Lair:4   | Lost mutation: You have a somewhat thin skeletal structure.
                  | (Dex +2, Stealth+) [Xom's mischief]
 23996 | Lair:4   | Lost mutation: You do not regenerate when monsters are
                  | visible. [Xom's mischief]
 24124 | Lair:5   | Reached XP level 15. HP: 104/109 MP: 0/0
 24124 | Lair:5   | Learned a level 6 spell: Eringya's Noxious Bog
 24166 | Lair:5   | XOM: potion effect (haste)
 24180 | Lair:5   | XOM: cast spell 'Alistair's Intoxication'
 24330 | Lair:5   | XOM: torment (53/109 hp)
 24420 | Lair:5   | XOM: scenery: create altars
 24464 | Lair:5   | XOM: destruction
 24487 | Lair:5   | XOM: 4-stop teleportation journey
 24782 | Lair:5   | XOM: confusion (+ monsters)
 24828 | Lair:5   | XOM: cloud trail
 24963 | Lair:5   | Reached skill level 10 in Spellcasting
 24963 | Lair:5   | Reached skill level 10 in Conjurations
 24963 | Lair:5   | Reached skill level 10 in Hexes
 24963 | Lair:5   | Reached skill level 10 in Summonings
 24963 | Lair:5   | Reached skill level 10 in Necromancy
 24963 | Lair:5   | Reached skill level 10 in Translocations
 24963 | Lair:5   | Reached skill level 10 in Transmutations
 24963 | Lair:5   | Reached skill level 10 in Fire Magic
 24963 | Lair:5   | Reached skill level 10 in Ice Magic
 24963 | Lair:5   | Reached skill level 10 in Air Magic
 24963 | Lair:5   | Reached skill level 10 in Earth Magic
 24963 | Lair:5   | Reached skill level 10 in Poison Magic
 24977 | Lair:5   | XOM: divination: detect items
 25222 | Lair:5   | XOM: polymorph red ugly thing -> cyan ugly thing
 25296 | Lair:5   | Found a corrupted altar of Lugonu.
 25296 | Lair:5   | Found a one-way gate to the infinite horrors of the Abyss.
 25328 | Lair:5   | Identified the staff "Conservator" {rElec rF- Will+ Earth}
 25454 | Lair:3   | XOM: snakes to sticks
 25458 | Lair:3   | XOM: summons 2 friendly demons
 25471 | Lair:3   | XOM: give mutations
 25471 | Lair:3   | Gained mutation: You are mostly covered in iridescent
                  | scales. (AC +4) [Xom's mischief]
 25471 | Lair:3   | Lost mutation: You have a pair of small horns on your head.
                  | [Xom's mischief]
 25471 | Lair:3   | Gained mutation: You have a pair of small horns on your
                  | head. [Xom's mischief]
 25487 | Lair:3   | XOM: confusion
 25606 | D:11     | XOM: torment (56/109 hp)
 25640 | Orc:1    | Entered Level 1 of the Orcish Mines
 25932 | Orc:1    | XOM: god gift: boomerang
 26155 | Orc:2    | Entered Level 2 of the Orcish Mines
 26155 | Orc:2    | Found a staircase to the Elven Halls.
 26288 | Orc:2    | Found Ittusuus's General Store.
 26288 | Orc:2    | XOM: swap monsters
 26289 | Orc:2    | XOM: chaos upgrade
 26290 | Orc:2    | XOM: destruction
 26291 | Orc:2    | Noticed an orc warlord
 26293 | Orc:2    | Noticed Saint Roka
 26294 | Orc:2    | Found Peocao Jamo's Antique Armour Emporium.
 26386 | Orc:1    | XOM: summons 3 hostile demons
 26571 | Orc:1    | XOM: potion effect (curing)
 26722 | Orc:2    | XOM: butterfly on damage
 26731 | Orc:2    | XOM: divination: detect creatures
 26870 | Orc:1    | XOM: give mutations
 26870 | Orc:1    | Gained mutation: Your natural rate of healing is unusually
                  | fast. [Xom's grace]
 26870 | Orc:1    | Gained mutation: You are agile. (Dex +4, Str/Int -1) [Xom's
                  | grace]
 26870 | Orc:1    | Gained mutation: You have hidden genetic potential. [Xom's
                  | grace]
 26870 | Orc:1    | Gained mutation: You are completely covered in iridescent
                  | scales. (AC +6) [Xom's grace]
 26899 | Orc:1    | XOM: summons friendly white imp
 26935 | Orc:2    | XOM: divination: magic mapping
 26944 | Orc:2    | XOM: scenery: create altars
 26950 | Orc:2    | XOM: scenery: summon butterflies
 26956 | Orc:2    | Killed Saint Roka
 27043 | Orc:2    | an orc warlord changed into a catoblepas
 27043 | Orc:2    | XOM: polymorph orc warlord -> catoblepas
 27046 | Orc:2    | XOM: summons friendly shadow imp
 27069 | Orc:2    | XOM: give mutations
 27069 | Orc:2    | Gained mutation: You are strong-willed. (Will+) [Xom's
                  | grace]
 27069 | Orc:2    | Gained mutation: You possess an exceptional clarity of
                  | mind. [Xom's grace]
 27167 | Orc:2    | Found Doenusm's Book Emporium.
 27196 | Orc:2    | Found Cygo's Antique Weapon Boutique.
 27323 | Orc:2    | Found a runed translucent gate.
 27341 | Orc:2    | Noticed Azrael
 27353 | Orc:2    | Killed Azrael
 27463 | Orc:2    | XOM: scenery: 1 doors close
 27471 | Orc:2    | Found Vegholil's Antique Weapon Emporium.
 27609 | Orc:2    | Found a runed translucent gate.
 27610 | Orc:2    | Found a runed translucent gate.
 27612 | Orc:2    | Found an iron altar of Okawaru.
 27612 | Orc:2    | Noticed IdlyInterested's ghost (journeyman DsGl)
 27613 | Orc:2    | Noticed a stone giant
 27646 | Orc:2    | XOM: 6-stop teleportation journey
 27759 | Orc:2    | Bought a smoking scale mail for 252 gold pieces
 27759 | Orc:2    | Identified the +4 scale mail of Vuamah {rPois Slay+2
                  | Stlth-} (You bought it in a shop on level 2 of the Orcish
                  | Mines)
 27965 | Lair:1   | Identified the ring of Gin and Tonic {Str+3 SInv}
 28100 | D:12     | You are sucked into a shaft and drop 2 floors!
 28100 | D:14     | XOM: noise
 28131 | D:13     | Reached skill level 14 in Long Blades
 28164 | D:13     | XOM: summons 5 friendly demons
 28166 | D:13     | Reached XP level 16. HP: 108/116 MP: 0/0
 28724 | D:12     | Identified the amulet of Qazlal's Outrage {RegenMP rElec
                  | rC++ Dex+2}
 28931 | D:12     | Found a runed translucent door.
 28931 | D:12     | Noticed PowderKeg's ghost (novice FeSh)
 28947 | D:12     | Killed PowderKeg's ghost
 29122 | D:13     | Found a gate to the Vaults.
 29124 | D:13     | XOM: summons friendly iron imp
 29135 | D:13     | XOM: blink monster(s)
 29136 | D:13     | XOM: summons 3 friendly demons
 29494 | D:14     | Noticed Jorgrun
 29497 | D:14     | Noticed Nessos
 29507 | D:14     | Killed Nessos
 29511 | D:14     | Killed Jorgrun
 29571 | D:14     | XOM: confuse monster(s)
 29578 | D:14     | XOM: confuse monster(s)
 29593 | D:14     | Found an iron altar of Okawaru.
 29601 | D:14     | XOM: enchant monster (good)
 29617 | D:14     | Identified the +0 ring mail of Kyav {Rampage Fly}
 29666 | D:14     | XOM: give mutations
 29666 | D:14     | Lost mutation: Your muscles are strong. (Str +4, Int/Dex
                  | -1) [Xom's mischief]
 29666 | D:14     | Lost mutation: Your spells are a little easier to cast, but
                  | a little less powerful. [Xom's mischief]
 29742 | D:14     | Found a hide-covered altar of Uskayaw.
 29742 | D:14     | Noticed Snorg
 29749 | D:14     | Killed Snorg
 29941 | D:14     | Gained mutation: Your mind is acute. (Int +4, Str/Dex -1)
                  | [hidden potential]
 30007 | D:14     | XOM: scenery: create altars
 30128 | D:14     | XOM: repel stairs
 30133 | D:14     | XOM: divination: magic mapping
 30271 | D:14     | XOM: give mutations
 30271 | D:14     | Lost mutation: Your natural rate of healing is unusually
                  | fast. [Xom's mischief]
 30271 | D:14     | Lost mutation: You have a pair of small horns on your head.
                  | [Xom's mischief]
 30308 | D:14     | XOM: polymorph green ugly thing -> white ugly thing
 30334 | D:15     | Entered Level 15 of the Dungeon
 30450 | D:15     | Identified the +0 scale mail of Wonder {rPois}
 30561 | D:15     | XOM: enchant monster (good)
 30565 | D:15     | XOM: confuse monster(s)
 30568 | D:15     | XOM: silly message
 30593 | D:15     | XOM: divination: magic mapping
 30602 | D:15     | XOM: divination: magic mapping
 30664 | D:15     | XOM: silly message
 30713 | D:15     | Found a staircase to the Depths.
 30734 | D:15     | XOM: noise
 30737 | D:15     | XOM: silly message
 30798 | D:15     | XOM: silly message
 30827 | D:15     | Found an ornate altar of the Wu Jian Council.
 31005 | D:15     | XOM: noise
 31043 | D:15     | XOM: cast spell 'Summon Horrible Things'
 31323 | Spider:2 | Identified the of Juoschedd
 31323 | Swamp:1  | Identified the of Seerchec
 31323 | Swamp:1  | Entered Level 1 of the Swamp
 31349 | Swamp:1  | Noticed Donald
 31354 | Swamp:1  | XOM: fog
 31377 | Swamp:1  | Killed Donald
 31527 | Swamp:1  | XOM: cast spell 'Call Canine Familiar'
 31536 | Swamp:1  | Reached XP level 17. HP: 107/123 MP: 0/0
 31536 | Swamp:1  | Learned a level 7 spell: Summon Hydra
 31539 | Swamp:1  | Reached skill level 15 in Long Blades
 31634 | Swamp:1  | XOM: divination: detect items
 31663 | Swamp:1  | XOM: give mutations
 31663 | Swamp:1  | Gained mutation: You are completely covered in large bone
                  | plates. (SH +8) [Xom's grace]
 31663 | Swamp:1  | Gained mutation: You are covered in fur. (AC +1) [Xom's
                  | grace]
 31663 | Swamp:1  | Gained mutation: You are highly strong-willed. (Will++)
                  | [Xom's grace]
 31663 | Swamp:1  | Gained mutation: Your muscles are strong. (Str +4, Int/Dex
                  | -1) [Xom's grace]
 31880 | Swamp:1  | XOM: 3-stop teleportation journey
 31990 | Swamp:1  | XOM: god gift: book of the Dragon
 32267 | Swamp:1  | XOM: god gift: +0 great sword of chaos
 32367 | Swamp:2  | XOM: summons 2 friendly demons
 32576 | Swamp:1  | XOM: give mutations
 32576 | Swamp:1  | Lost mutation: You have hidden genetic potential. [Xom's
                  | grace]
 32576 | Swamp:1  | Gained mutation: You are somewhat resistant to further
                  | mutation. [Xom's grace]
 32576 | Swamp:1  | Gained mutation: You have a pair of small horns on your
                  | head. [Xom's grace]
 32576 | Swamp:1  | Gained mutation: Your spells are a little harder to cast,
                  | but a little more powerful. [Xom's grace]
 32576 | Swamp:1  | Gained mutation: You are very agile. (Dex +8, Str/Int -2)
                  | [Xom's grace]
 32645 | Swamp:2  | XOM: summons 5 friendly demons
 32647 | Swamp:2  | XOM: cleaving
 32660 | Swamp:2  | XOM: summons 3 friendly demons
 32667 | Swamp:2  | XOM: summons 7 friendly demons
 32738 | Swamp:2  | XOM: destruction
 32742 | Swamp:2  | XOM: destruction
 32745 | Swamp:2  | Noticed Mlioglotl
 32756 | Swamp:2  | Killed Mlioglotl
 32869 | Swamp:1  | XOM: torment (63/123 hp)
 33065 | Swamp:2  | XOM: enchant monster (bad)
 33634 | Swamp:2  | XOM: enchant monster (bad)
 33664 | Swamp:2  | Noticed Louise
 33697 | Swamp:2  | Killed Louise
 33862 | Swamp:3  | XOM: summons 3 friendly demons
 33868 | Swamp:3  | XOM: enchant monster (good)
 33872 | Swamp:3  | Reached skill level 1 in Shields
 33873 | Swamp:3  | XOM: divination: detect creatures
 33944 | Swamp:3  | XOM: silly message
 34238 | Swamp:3  | XOM: silly message
 34356 | Swamp:3  | XOM is BORED!
 34356 | Swamp:3  | XOM: give mutations
 34356 | Swamp:3  | Lost mutation: You are somewhat resistant to further
                  | mutation. [Xom's mischief]
 34356 | Swamp:3  | Lost mutation: Your spells are a little harder to cast, but
                  | a little more powerful. [Xom's mischief]
 34356 | Swamp:3  | Lost mutation: You have a pair of small horns on your head.
                  | [Xom's mischief]
 34356 | Swamp:3  | Lost mutation: Your mind is acute. (Int +4, Str/Dex -1)
                  | [Xom's mischief]
 34577 | Swamp:4  | Entered Level 4 of the Swamp
 34580 | Swamp:4  | XOM: enchant monster (good)
 34582 | Swamp:4  | XOM: 1-stop teleportation journey
 34590 | Swamp:4  | Noticed a thorn hunter
 34602 | Swamp:4  | XOM: summons 9 friendly demons
 34604 | Swamp:4  | Noticed Nikola
 34604 | Swamp:4  | XOM: 3-stop teleportation journey
 34691 | Swamp:4  | XOM: divination: detect items
 34721 | Swamp:4  | XOM: confuse monster(s)
 34723 | Swamp:4  | XOM: summons friendly iron imp
 34733 | Swamp:4  | Killed Nikola
 34775 | Swamp:4  | XOM: blink monster(s)
 34802 | Swamp:4  | XOM: summons friendly white imp
 34808 | Swamp:4  | XOM: summons 2 friendly demons
 34821 | Swamp:4  | XOM: silly message
 35211 | Swamp:4  | XOM: silly message
 35335 | Swamp:3  | XOM: silly message
 35364 | Swamp:4  | XOM: blink monster(s)
 35772 | Swamp:4  | Reached XP level 18. HP: 131/131 MP: 0/0
 35865 | Swamp:4  | XOM: 1-stop teleportation journey
 36026 | Swamp:4  | Found a basalt altar of Yredelemnul.
 36046 | Swamp:4  | XOM: 1-stop teleportation journey
 36211 | Swamp:4  | XOM: torment (67/131 hp)
 36377 | Swamp:4  | XOM: noise
 36428 | Swamp:4  | XOM: enchant monster (good)
 36455 | Swamp:4  | Found a blossoming altar of Fedhas.
 36516 | Swamp:4  | XOM: give mutations
 36516 | Swamp:4  | Gained mutation: Your flesh is almost immune to the effects
                  | of heat. (rF+++) [Xom's grace]
 36516 | Swamp:4  | Gained mutation: Your movements are slightly less
                  | encumbered by armour. (ER -2) [Xom's grace]
 36541 | Swamp:4  | XOM: give mutation
 36541 | Swamp:4  | Gained mutation: You have a pair of small antennae on your
                  | head. [Xom's grace]
 36558 | Swamp:4  | XOM: god gift: wand of iceblast (5)
 36770 | Swamp:4  | XOM: summons friendly shadow imp
 36789 | Swamp:4  | Got a decaying rune of Zot
 37010 | Lair:2   | XOM: give mutations
 37010 | Lair:2   | Lost mutation: You are highly strong-willed. (Will++)
                  | [Xom's mischief]
 37010 | Lair:2   | Lost mutation: Your muscles are strong. (Str +4, Int/Dex
                  | -1) [Xom's mischief]
 37010 | Lair:2   | Lost mutation: Your movements are slightly less encumbered
                  | by armour. (ER -2) [Xom's mischief]
 37031 | Spider:1 | Entered Level 1 of the Spider Nest
 37121 | Spider:1 | XOM: cast spell 'Summon Horrible Things'
 37365 | Spider:1 | Noticed Frances
 37367 | Spider:1 | XOM: summons 2 friendly demons
 37382 | Spider:1 | Killed Frances
 37531 | Spider:1 | Reached skill level 5 in Shields
 37824 | Spider:2 | XOM: cast spell 'Summon Mana Viper'
 37836 | Spider:2 | Reached skill level 16 in Long Blades
 38319 | Spider:2 | XOM: silly message
 38669 | Spider:2 | XOM: 1-stop teleportation journey
 38706 | Spider:2 | XOM: divination: detect items
 39038 | Spider:2 | Reached skill level 1 in Shapeshifting
 39229 | Spider:2 | XOM: give mutations
 39229 | Spider:2 | Lost mutation: You are completely covered in iridescent
                  | scales. (AC +6) [Xom's mischief]
 39229 | Spider:2 | Lost mutation: You expend health (3 HP) to strengthen your
                  | wands. [Xom's mischief]
 39229 | Spider:2 | Lost mutation: You possess an exceptional clarity of mind.
                  | [Xom's mischief]
 39410 | Spider:3 | XOM: noise
 39434 | Spider:3 | XOM: polymorph jorogumo -> fire dragon
 39441 | Spider:3 | XOM: noise
 39463 | Spider:2 | XOM: cast spell 'Leda's Liquefaction'
 39612 | Spider:3 | XOM: give mutations
 39612 | Spider:3 | Gained mutation: Your body sometimes deteriorates upon
                  | taking damage. [Xom's mischief]
 39612 | Spider:3 | Gained mutation: You are resistant to electric shocks.
                  | (rElec) [Xom's mischief]
 39714 | Spider:3 | Identified the maw talisman "Ilaeshriq" {rElec rF- rN+
                  | Will+ rCorr}
 39778 | Spider:3 | Reached XP level 19. HP: 91/138 MP: 0/0
 39778 | Spider:3 | Learned a level 7 spell: Haunt
 39935 | Spider:3 | XOM: summons 4 hostile shadow creatures
 40205 | Spider:3 | XOM: silly message
 40386 | Spider:3 | XOM: give mutations
 40386 | Spider:3 | Lost mutation: You are completely covered in large bone
                  | plates. (SH +8) [Xom's mischief]
 40386 | Spider:3 | Lost mutation: You are very agile. (Dex +8, Str/Int -2)
                  | [Xom's mischief]
 40507 | Spider:4 | Entered Level 4 of the Spider Nest
 40516 | Spider:4 | Found a frozen archway.
 40521 | IceCv    | Entered an ice cave
 40575 | IceCv    | XOM: summons 2 friendly demons
 40584 | IceCv    | XOM: 2-stop teleportation journey
 40587 | IceCv    | XOM: silly message
 40602 | IceCv    | XOM: divination: magic mapping
 40607 | IceCv    | XOM: torment (33/138 hp)
 40691 | IceCv    | XOM: confusion
 40698 | IceCv    | XOM: give mutations
 40698 | IceCv    | Lost mutation: You are strong-willed. (Will+) [Xom's
                  | mischief]
 40698 | IceCv    | Gained mutation: You are somewhat resistant to further
                  | mutation. [Xom's mischief]
 40944 | IceCv    | XOM: confusion
 40950 | IceCv    | XOM: chaos cloud
 41202 | IceCv    | XOM: polymorph rime drake -> raiju
 41303 | IceCv    | XOM: stat loss: -1 Str (8/10)
 41513 | IceCv    | XOM: confusion
 41528 | IceCv    | XOM: 1-stop teleportation journey
 41532 | IceCv    | XOM: silly message
 41535 | IceCv    | XOM: summons 2 hostile demons
 41537 | IceCv    | XOM: polymorph crimson imp -> cerulean imp
 41857 | IceCv    | XOM: scenery: summon butterflies
 41870 | IceCv    | XOM: divination: detect items
 41997 | IceCv    | XOM: divination: detect items
 42018 | IceCv    | XOM: confusion (+ monsters)
 42604 | IceCv    | XOM: scenery: create altars
 42757 | Spider:4 | XOM: cast spell 'Dispersal'
 42761 | Spider:4 | XOM: cleaving
 42897 | Spider:4 | XOM: enchant monster (bad)
 42953 | Spider:4 | HP: 5/139 [jumping spider (5)]
 42960 | Spider:4 | Mangled by a jumping spider

Illustrated notes

Levels and vault maps discovered:
D:1:      denvon_arrival_waterhouse, layout_basic
D:2:      layout_basic, shapermc_ecumenical_altar_pompeii, serial_shops, shop,
          nicolae_shop_crystal, nicolae_shop_back_alley_shop,
          nicolae_shop_tiny_waterfront, shop, grunt_decor_fettered, uniq_jessica
D:3:      minmay_chambers_of_threes, layout_basic, minmay_misc_feat_pillars
D:4:      cheibrodos_old_hovel, layout_basic, nemelex_dance_club_becter
D:5:      layout_loops_corners, temple_pool_b, serial_glass, glass_columns_b,
          glass_columns_c
D:6:      layout_rooms, hellmonk_no_cap
D:7:      layout_cave_pools, mainiacjoe_overflow_tiny_flanked,
          mainiacjoe_overflow_six_doors_small, enter_bailey_1,
          kennysheep_generic_room_7
D:8:      layout_loops_ring, serial_shops, nicolae_shop_rolled_up,
          nicolae_shop_vocational, uniq_psyche, uniq_grum, uniq_maggie
D:9:      layout_rooms, amethyst_overflow_temple_binary, uniq_harold, uniq_pikel
D:10:     layout_grid_maze, kennysheep_little_box, david_orc_2, uniq_erica
D:11:     layout_long_grid, erik_lair_island, serial_shops, shop_statue,
          kennysheep_generic_room_5
D:12:     layout_cave_pods, gammafunk_ghost_grave
D:13:     layout_rooms, erik_vaults_2
D:14:     minmay_open_boxes_in_corner, layout_basic,
          nicolae_uskayaw_murder_on_the_dancefloor, okawaru_ov_weapons_minmay,
          uniq_nessos, uniq_snorg, uniq_jorgrun
D:15:     grunt_enter_depths_magical_seal, layout_loops_ring,
          nicolae_wu_jian_wuxing_cycle, minmay_misc_feat_rows
Lair:1:   layout_regular_city, minmay_lair_oklob_items, grunt_megastairs_4
Lair:2:   layout_chaotic_city, skrybe_swamp_entry_bodies,
          hellmonk_spider_entry_not_the_bees, serial_bayou_pond_e,
          chequers_serial_rivers_micro_d, amcnicky_mini_pool_medium
Lair:3:   layout_roguey, basic_altar, uniq_gastronok
Lair:4:   gammafunk_mikee_crab_dinner, layout_regular_city, slime_entry_2,
          eino_house_with_fridge, grunt_megastairs_2
Lair:5:   hellmonk_lair_end_abyssal_woods, layout_hall_layers,
          hangedman_lair_generics_rect
Swamp:1:  layout_basic_swamp, hangedman_swamp_lotus,
          nicolae_swamp_necromancy_gone_wrong, uniq_donald
Swamp:2:  layout_falls_marsh, nicolae_swamp_some_circles, uniq_mlioglotl,
          uniq_louise
Swamp:3:  layout_basic_swamp, nicolae_swamp_dense_foliage, swamp_pool5
Swamp:4:  byrel_swamp_growth_death_and_undeath, layout_basic_swamp, swamp_pool1,
          uniq_nikola
Spider:1: layout_spider_delve, uniq_frances
Spider:2: layout_chambers
Spider:3: layout_spider_delve
Spider:4: spider_rune_water, portal_ice_cave_entry_pillars_1
Orc:1:    layout_caves
Orc:2:    grunt_orc_cross, layout_caves, gammafunk_ghost_fury_of_okawaru,
          serial_shops, nicolae_shop_rolling_square, uniq_saint_roka,
          uniq_azrael

Skill      XL: |  1  2  3  4  5  6  7  8  9 10 11 12 13 14 15 16 17 18 19 |
---------------+----------------------------------------------------------+-----
Long Blades    | 3 4 5 7 8 9 10 11 13 14 15 16 | 16.4
Spellcasting   | 1 2 3 4 5 6 7 8 9 10 11 12 | 12.7
Conjurations   | 1 2 3 4 5 6 7 8 9 10 11 12 | 12.7
Hexes          | 1 2 3 4 5 6 7 8 9 10 11 12 | 12.7
Summonings     | 1 2 3 4 5 6 7 8 9 10 11 12 | 12.7
Necromancy     | 1 2 3 4 5 6 7 8 9 10 11 12 | 12.7
Translocations | 1 2 3 4 5 6 7 8 9 10 11 12 | 12.7
Transmutations | 1 2 3 4 5 6 7 8 9 10 11 12 | 12.7
Fire Magic     | 1 2 3 4 5 6 7 8 9 10 11 12 | 12.7
Ice Magic      | 1 2 3 4 5 6 7 8 9 10 11 12 | 12.7
Air Magic      | 1 2 3 4 5 6 7 8 9 10 11 12 | 12.7
Earth Magic    | 1 2 3 4 5 6 7 8 9 10 11 12 | 12.7
Poison Magic   | 1 2 3 4 5 6 7 8 9 10 11 12 | 12.7
Armour         | 2 3 4 5 6 7 8 9 10 11 12 13 | 13.3
Dodging        | 3 4 5 7 8 9 10 11 12 13 14 | 14.6
Fighting       | 4 5 6 7 8 9 10 11 12 13 | 13.6
Shields        | 3 5 6 |  6.7
Shapeshifting  | 2 3 |  3.6

Action                     |  1- 3 |  4- 6 |  7- 9 | 10-12 | 13-15 | 16-18 | 19-21 || total
---------------------------+-------+-------+-------+-------+-------+-------+-------++-------
  Melee: Falchion          |    89 |   173 |   141 |       |       |       |       ||   403
         Peck              |     4 |    24 |    32 |       |       |       |       ||    60
         Punch             |     1 |     3 |     3 |    17 |    22 |    25 |     5 ||    76
         Long sword        |       |       |   136 |   918 |    88 |       |       ||  1142
         Headbutt          |       |       |       |    99 |   335 |   139 |       ||   573
         Scimitar          |       |       |       |       |  1026 |  1319 |   392 ||  2737
   Cast: Call Imp          |       |       |     2 |     1 |       |       |       ||     3
         Ozocubu's Armour  |       |       |       |    11 |    15 |     3 |     3 ||    32
         Petrify           |       |       |       |     4 |     2 |       |       ||     6
         Freezing Cloud    |       |       |       |       |    38 |    37 |    12 ||    87
         Eringya's Noxious |       |       |       |       |     1 |     2 |       ||     3
  Evoke: Wand              |       |       |       |     1 |     9 |       |     1 ||    11
         Lightning rod     |       |       |       |       |     4 |       |       ||     4
    Use: Scroll            |       |     6 |     1 |    12 |    11 |     5 |     5 ||    40
         Potion            |       |       |     2 |     5 |     7 |       |     3 ||    17
   Stab: Sleeping          |     1 |     8 |     7 |    13 |    10 |    14 |     5 ||    58
         Distracted        |       |       |       |     2 |     3 |    17 |     1 ||    23
         Invisible         |       |       |       |     5 |       |       |       ||     5
         Petrified         |       |       |       |    19 |       |     7 |       ||    26
         Confused          |       |       |       |     3 |     5 |     5 |     1 ||    14
         Petrifying        |       |       |       |     1 |     1 |     5 |       ||     7
         Paralysed         |       |       |       |       |       |       |     3 ||     3
 Armour: Leather armour    |    70 |    14 |       |       |       |       |       ||    84
         Ring mail         |       |   104 |   231 |   577 |   413 |   643 |   275 ||  2243
         Skin              |       |       |       |       |     4 |       |     5 ||     9
  Dodge: Dodged            |    60 |   137 |   206 |   823 |  1009 |  1367 |   392 ||  3994
  Block: Other             |       |       |    46 |   312 |   638 |   482 |    65 ||  1543
         Reflection        |       |       |     2 |     1 |     8 |     1 |       ||    12
         Kite shield       |       |       |       |       |       |       |   182 ||   182

Table legend: (Time is in decaauts)
 A = Elapsed time spent in this place.
 B = Non-inter-level travel time spent in this place.
 C = Inter-level travel time spent in this place.
 D = Time resting spent in this place.
 E = Time spent auto-exploring this place.
 F = Levels seen in this place.
 G = Mean time per level.
                   A        B        C        D        E       F      G
               +--------+--------+--------+--------+--------+-----+--------+
         Total |  42214 |  40460 |   1754 |  12359 |  19597 |  32 | 1319.2 |
       Dungeon |  19607 |  18543 |   1064 |   6064 |   9249 |  15 | 1307.1 |
          Lair |   8794 |   8400 |    394 |   2250 |   4038 |   5 | 1758.8 |
         Swamp |   5482 |   5353 |    129 |   2040 |   2320 |   4 | 1370.5 |
   Spider Nest |   3704 |   3625 |     79 |    495 |   2178 |   4 |  926.0 |
  Orcish Mines |   2008 |   1922 |     86 |    475 |    923 |   2 | 1004.0 |
        Bailey |    568 |    568 |      0 |     95 |    297 |   1 |  568.0 |
      Ice Cave |   2048 |   2048 |      0 |    939 |    590 |   1 | 2048.0 |
               +--------+--------+--------+--------+--------+-----+--------+

Top non-repeatable levels by time:
     D:1: 4494 daAuts
  Lair:4: 2994 daAuts
  Lair:5: 2057 daAuts
   IceCv: 2048 daAuts
     D:8: 1956 daAuts
    D:10: 1863 daAuts
  Lair:2: 1611 daAuts
 Swamp:1: 1598 daAuts
 Swamp:4: 1518 daAuts
  Lair:1: 1503 daAuts
Spider:2: 1497 daAuts
 Swamp:3: 1485 daAuts
     D:5: 1420 daAuts
    D:11: 1374 daAuts
     D:2: 1215 daAuts
